 Dungeon Crawl Stone Soup version 0.31-a0-246-g8cbcc1cb85 (webtiles) character file.

Game seed: 10924401938148161182

10118 Newt the Thrower (level 11, -9/79 HPs)
             Began as a Demonspawn Gladiator on July 12, 2023.
             Was a High Priest of Okawaru.
             Mangled by logorrheac's ghost (16 damage)
             ... on level 11 of the Dungeon.
             The game lasted 00:15:20 (10236 turns).

Newt the Thrower (Demonspawn Gladiator)            Turns: 10236, Time: 00:15:20

Health: -9/79      AC: 35    Str: 25    XL:     11   Next: 32%
Magic:  0/17       EV: 12    Int:  9    God:    Okawaru [*****.]
Gold:   404        SH:  0    Dex: 15    Spells: 10/10 levels left

rFire   . . .        Q - +5 battleaxe (freeze)
rCold   . . .        (shield currently unavailable)
rNeg    . . .        C - +15 Maxwell's patent armour {-Cast -Tele rElec Will+ rCorr}
rPois   .            M - +2 hat of the Bear Spirit {Spirit, Bear, *Rage Will++}
rElec   +            (no cloak)
rCorr   +            h - +1 pair of gloves
SInv    .            N - +1 pair of boots
Will    ++++.        (no amulet) Stlth
                     u - ring of willpower
HPRegen 0.33/turn    A - +6 ring of strength
MPRegen 0.30/turn

%: no teleportation, no spellcasting, random rage (20%), guardian spirit
@: heroic
A: powered by death 1, magic shield, magic regeneration, sturdy frame 1,
weakness stinger 1
a: Renounce Religion, Heroism, Finesse, Duel


You were on level 11 of the Dungeon.
You worshipped Okawaru.
Okawaru was extremely pleased with you.
You visited 2 branches of the dungeon, and saw 12 of its levels.
You also visited: Bailey.

You collected 404 gold pieces.

Inventory:

Hand Weapons
 a - a +0 rapier
 i - a +1 short sword of freezing
 k - a +1 dagger of venom
 o - a +3 dagger of venom
 P - a +3 war axe of freezing
 Q - a +5 battleaxe of freezing (weapon)
Missiles
 d - 4 throwing nets
 e - 142 stones
 g - 14 javelins
 B - a boomerang of dispersal
 D - 2 datura-tipped darts
 H - 3 boomerangs (quivered)
 L - a silver javelin
Armour
 b - a +0 leather armour
 c - a +0 helmet
 h - a +1 pair of gloves (worn)
 C - the +15 Maxwell's patent armour (worn) {-Cast -Tele rElec Will+ rCorr}
   (You acquired it on level 8 of the Dungeon)

   rElec:     It insulates you from electricity.
   -Cast:     It prevents spellcasting.
   -Tele:     It prevents most forms of teleportation.
   rCorr:     It protects you from acid and corrosion.
   Will:      It increases your willpower.
 M - the +2 hat of the Bear Spirit (worn) {Spirit, Bear, *Rage Will++}
   (You found it in a bailey)

   Bear:      Going berserk makes the wearer exceptionally tough, and they are
   slowed for a shorter time afterward.
   *Rage:     It berserks you when you make melee attacks (+20% chance).
   Will:      It greatly increases your willpower.
 N - a +1 pair of boots (worn)
Jewellery
 u - a ring of willpower (left hand)
 y - a ring of resist corrosion
 A - a +6 ring of strength (right hand)
 E - a +6 ring of dexterity
Wands
 s - a wand of flame (34)
 F - a wand of roots (5)
 K - a wand of paralysis (6)
 O - a wand of mindburst (8)
Scrolls
 f - a scroll of enchant armour
 j - 6 scrolls of teleportation
 l - 3 scrolls of revelation
 m - a scroll of amnesia
 p - 2 scrolls of fear
 t - a scroll of torment
 w - 3 scrolls of poison
 I - a scroll of fog
Potions
 n - a potion of haste
 q - 2 potions of invisibility
 r - 2 potions of degeneration
 v - 2 potions of curing
 x - a potion of cancellation
 z - 3 potions of heal wounds
 G - a potion of magic {unknown}
 J - a potion of attraction {unknown}


   Skills:
 - Level 5.0(10.0) Fighting
 - Level 5.0(10.0) Short Blades
 + Level 3.4(8.4) Axes
 - Level 12.0(17.0) Throwing
 - Level 4.0(9.0) Armour
 - Level 4.0(9.0) Dodging
 - Level 9.0 Invocations
 - Level 4.0 Evocations


You had 10 spell levels left.
You didn't know any spells.
Your spell library contained the following spells:

 Spells                   Type           Power      Damage    Failure   Level
 Magic Dart               Conj           0%         1d3       95%         1
 Cigotuvi's Dreadful Rot  Necr/Pois/Air  0%         N/A       99%         2
 Searing Ray              Conj           0%         2d4       99%         2
 Dazzling Flash           Conj/Hex       0%         N/A       100%        3
 Ignite Poison            Fire/Tmut/Pois 0%         N/A       100%        3
 Portal Projectile        Hex/Tloc       0%         N/A       100%        3
 Volatile Blastmotes      Fire/Tloc      0%         2d10      100%        3
 Dispel Undead            Necr           0%         3d6       100%        4
 Fulminant Prism          Conj/Hex       0%         3d5       100%        4
 Iskenderun's Mystic Bla  Conj/Tloc      0%         2d3       100%        4
 Freezing Cloud           Conj/Ice/Air   0%         6-21      100%        5
 Starburst                Conj/Fire      0%         6d3       100%        6
 Maxwell's Capacitive Co  Air            0%         ∞         100%        8
 Fire Storm               Conj/Fire      0%         5d1       100%        9
 Call Canine Familiar     Summ           Unusable   N/A       N/A         3
 Tukima's Dance           Hex            Unusable   N/A       N/A         3
 Death Channel            Necr           Unusable   N/A       N/A         6
 Summon Cactus Giant      Summ           Unusable   N/A       N/A         6

Dungeon Overview and Level Annotations

Branches:
Dungeon (11/15)            Temple (1/1) D:4             Orc (0/2) D:10
 Bailey (visited)
   Lair: D:8-11

Altars:
Ashenzari
Cheibriados
Dithmenos
Fedhas
Gozag
Hepliaklqana
Kikubaaqudgha
Makhleb
Nemelex Xobeh
Okawaru
Qazlal
Ru
Sif Muna
Trog
Uskayaw
Vehumet
Wu Jian
Xom
Yredelemnul

Shops:
D:9 :

Annotations:
D:10 BubbleThief's ghost, novice DsNe
D:11 logorrheac's ghost, novice TrBe


Innate Abilities, Weirdness & Mutations

You regenerate a little health from kills.
When hurt, damage is shared between your health and your magic reserves.
You regenerate magic rapidly.
Your movements are slightly less encumbered by armour. (ER -2)
You have a small tail.


Message History

You hit logorrheac's ghost. You freeze logorrheac's ghost.
Your tail-slap misses logorrheac's ghost.
Logorrheac's ghost is lightly damaged.
Logorrheac's ghost hits you but does no damage.
You closely miss logorrheac's ghost.
Your tail-slap misses logorrheac's ghost.
Logorrheac's ghost is lightly damaged.
Logorrheac's ghost ripples.
Logorrheac's ghost hits you but does no damage.
Logorrheac's ghost hits you!
You slice logorrheac's ghost!! You freeze logorrheac's ghost!
Logorrheac's ghost is heavily damaged.
Logorrheac's ghost closely misses you.
You hit logorrheac's ghost. You freeze logorrheac's ghost.
Logorrheac's ghost is heavily damaged.
Logorrheac's ghost hits you but does no damage.
Logorrheac's ghost hits you.
You slash logorrheac's ghost! You freeze logorrheac's ghost.
Your tail-slap misses logorrheac's ghost.
Logorrheac's ghost is heavily damaged.
Logorrheac's ghost keens inconsolably.
Logorrheac's ghost hits you!
You slice logorrheac's ghost!! You freeze logorrheac's ghost.
Logorrheac's ghost is severely damaged.
Logorrheac's ghost wails.
Logorrheac's ghost hits you but does no damage.
Logorrheac's ghost hits you!!
You gain the combat prowess of a mighty hero.
Logorrheac's ghost hits you.
* * * LOW HITPOINT WARNING * * *
You slash logorrheac's ghost! You freeze logorrheac's ghost.
Logorrheac's ghost is almost destroyed.
Logorrheac's ghost hits you!
* * * LOW HITPOINT WARNING * * *
You barely miss logorrheac's ghost.
You tail-slap logorrheac's ghost, but do no damage.
Logorrheac's ghost is almost destroyed.
Logorrheac's ghost hits you but does no damage.
Logorrheac's ghost hits you!!
You die...

..
.#
.#
#.#
..
.#
##W#
#@#
###


You could see logorrheac's ghost.

Vanquished Creatures
  Snorg (D:10)
  Harold (D:10)
  2 two-headed ogres
  The ghost of porpoise the Skirmisher, a journeyman KoHu of Dithmenos (D:10)
  Joseph (D:9)
  2 kobold demonologists (Bailey)
  An unseen horror (D:10)
  Psyche (D:9)
  2 komodo dragons (D:10)
  A troll (D:9)
  A vampire (D:10)
  A wraith (D:9)
  Grum (D:10)
  An acid dragon (D:9)
  A water moccasin (D:7)
  An ice beast (D:8)
  3 black bears (D:6)
  12 orc warriors
  2 sky beasts
  4 wolves (D:10)
  A centaur (D:9)
  2 ogres (D:6)
  2 kobold brigands
  2 phantoms
  3 bullfrogs
  3 scorpions
  4 wights (D:10)
  2 electric eels (Bailey)
  3 howler monkeys (D:9)
  3 hounds
  A jelly (D:5)
  6 orc priests
  An iguana (D:5)
  4 sleepcaps
  2 gnoll boudas
  10 orc wizards
  7 gnolls
  7 adders
  4 white imps (D:7)
  A worm (D:2)
  A dart slug (D:2)
  40 orcs
  6 ball pythons
  A bat zombie (D:2)
  6 endoplasms
  4 giant cockroaches
  11 goblins
  19 hobgoblins
  18 jackals
  20 kobolds
  6 quokkas
  2 bats (D:1)
  2 frilled lizards
  A quokka zombie (D:2)
  6 rats
251 creatures vanquished.

Notes
Turn   | Place    | Note
-------+----------+-------------------------------------------
     0 | D:1      | Newt the Demonspawn Gladiator began the quest for the Orb.
     0 | D:1      | Reached XP level 1. HP: 16/16 MP: 1/1
   313 | D:1      | Gained mutation: You regenerate magic rapidly. [demonic
                  | ancestry]
   313 | D:1      | Reached XP level 2. HP: 20/23 MP: 2/2
   808 | D:2      | Reached XP level 3. HP: 29/29 MP: 3/3
  1211 | D:2      | Gained mutation: When hurt, damage is shared between your
                  | health and your magic reserves. [demonic ancestry]
  1211 | D:2      | Reached XP level 4. HP: 38/38 MP: 4/4
  1249 | D:2      | Found a faded altar of an unknown god.
  2325 | D:3      | Reached skill level 5 in Fighting
  2458 | D:4      | Found a sacrificial altar of Ru.
  2458 | D:4      | Found a shimmering blue altar of Sif Muna.
  2459 | D:4      | Found a stormy altar of Qazlal.
  2461 | D:4      | Found an iron altar of Okawaru.
  2486 | D:4      | Reached skill level 2 in Throwing
  2629 | D:4      | Found a staircase to the Ecumenical Temple.
  2643 | D:4      | Reached XP level 5. HP: 33/44 MP: 5/5
  2657 | D:4      | Reached skill level 3 in Throwing
  2678 | Temple   | Entered the Ecumenical Temple
  3344 | D:4      | Found an opulent altar of Gozag.
  3594 | D:4      | Became a worshipper of Warmaster Okawaru
  3608 | D:5      | Entered Level 5 of the Dungeon
  3615 | D:5      | Reached skill level 4 in Throwing
  3615 | D:5      | Gained mutation: You regenerate a little health from kills.
                  | [demonic ancestry]
  3615 | D:5      | Reached XP level 6. HP: 51/51 MP: 6/6
  3677 | D:5      | Reached skill level 5 in Throwing
  3912 | D:5      | Gained mutation: Your movements are slightly less
                  | encumbered by armour. (ER -2) [demonic ancestry]
  3912 | D:5      | Reached XP level 7. HP: 49/56 MP: 7/7
  4037 | D:5      | Reached * piety under Okawaru
  4264 | D:6      | Reached skill level 5 in Short Blades
  4264 | D:6      | Reached skill level 1 in Armour
  4267 | D:6      | Noticed a two-headed ogre
  4271 | D:6      | Reached ** piety under Okawaru
  4272 | D:6      | Reached XP level 8. HP: 16/62 MP: 6/8
  4868 | D:6      | Reached skill level 1 in Evocations
  4912 | D:6      | Killed a two-headed ogre
  4912 | D:6      | Reached *** piety under Okawaru
  4913 | D:6      | Reached skill level 6 in Throwing
  4957 | D:6      | Reached XP level 9. HP: 51/68 MP: 7/9
  5502 | D:7      | Reached skill level 7 in Throwing
  6001 | D:8      | Identified a scroll of acquirement
  6001 | D:8      | Acquired the +15 Maxwell's patent armour {-Cast -Tele rElec
                  | Will+ rCorr}
  6001 | D:8      | Found the +15 Maxwell's patent armour {-Cast -Tele rElec
                  | Will+ rCorr}
  6042 | D:8      | Received a gift from Okawaru
  6323 | D:8      | Reached skill level 8 in Throwing
  6429 | D:8      | Noticed a two-headed ogre
  6442 | D:8      | Killed a two-headed ogre
  6554 | D:8      | Found a shadowy altar of Dithmenos.
  6558 | D:8      | Found a hazy altar of Hepliaklqana.
  6780 | D:8      | Received a gift from Okawaru
  6780 | D:8      | Reached **** piety under Okawaru
  7112 | D:9      | Found Xeux Fib's Book Shoppe.
  7222 | D:9      | Found a flagged portal.
  7231 | Bailey   | Entered a bailey
  7362 | Bailey   | Gained mutation: You have a small tail. [demonic ancestry]
  7362 | Bailey   | Reached XP level 10. HP: 53/74 MP: 11/16
  7557 | Bailey   | Noticed a rust devil
  7718 | Bailey   | Found the +2 hat of the Bear Spirit {Spirit, Bear, *Rage
                  | Will++}
  7791 | Bailey   | Reached skill level 9 in Throwing
  7884 | Bailey   | Found an iron altar of Okawaru.
  8016 | Bailey   | Got the Vellum of the Gang and Combustion
  8167 | D:9      | Noticed Joseph
  8197 | D:9      | Killed Joseph
  8197 | D:9      | Reached ***** piety under Okawaru
  8198 | D:9      | Reached skill level 10 in Throwing
  8517 | D:9      | Noticed Psyche
  8527 | D:9      | Killed Psyche
  8620 | D:10     | Entered Level 10 of the Dungeon
  8637 | D:10     | Received a gift from Okawaru
  8963 | D:10     | Reached skill level 11 in Throwing
  9029 | D:10     | Noticed Grum
  9055 | D:10     | Killed Grum
  9155 | D:10     | Found a staircase to the Orcish Mines.
  9176 | D:10     | Noticed Snorg
  9192 | D:10     | Reached XP level 11. HP: 79/79 MP: 14/17
  9207 | D:10     | Killed Snorg
  9207 | D:10     | Identified the +4 ring mail "Gaplamae" {rF- Slay+6}
                  | (Okawaru gifted it to you on level 10 of the Dungeon)
  9207 | D:10     | Received a gift from Okawaru
  9598 | D:10     | Found a runed translucent gate.
  9599 | D:10     | Found a runed translucent gate.
  9600 | D:10     | Found a runed translucent gate.
  9601 | D:10     | Noticed BubbleThief's ghost (novice DsNe)
  9601 | D:10     | Noticed porpoise's ghost (journeyman KoHu)
  9602 | D:10     | Noticed logorrheac's ghost (novice TrBe)
  9603 | D:10     | Noticed Harold
  9620 | D:10     | Killed Harold
  9621 | D:10     | Reached skill level 12 in Throwing
  9789 | D:10     | Killed porpoise's ghost
 10236 | D:11     | Mangled by logorrheac's ghost

Illustrated notes

Levels and vault maps discovered:
D:1:      grunt_arrival_crossed_arrows, layout_loops_ring
D:2:      layout_loops_ring, chequers_ecumenical_altar_island, serial_undead,
          serial_undead_d, serial_undead_e, serial_undead_c, serial_undead_a,
          reono_crystal_passage
D:3:      layout_loops_ring, minmay_misc_feat_pillars,
          minmay_fractal_squares_gapless_5
D:4:      layout_loops_cross, grunt_temple_overflow_open, grunt_gozag_statues,
          minmay_temple_entry_large_hall
D:5:      layout_gridville
D:6:      layout_loops_ring, serial_park_tiny_2, kennysheep_cross_bottleneck
D:7:      layout_rooms, serial_rivers, chequers_serial_rivers_micro_c,
          chequers_serial_rivers_small_a, chequers_serial_rivers_micro_d,
          chequers_serial_rivers_room_a, chequers_serial_rivers_small_3,
          chequers_serial_rivers_small_b
D:8:      layout_loops_ring, riverfiend_overflow_shadow_ancestor,
          kennysheep_generic_room_10
D:9:      layout_irregular_city, serial_shops, nicolae_diamond_shop,
          enter_bailey_1, uniq_joseph, uniq_psyche
D:10:     layout_basic, orc_0_dummy, gammafunk_ghost_cemetery, st_stairs_6,
          uniq_grum, uniq_harold, uniq_snorg
D:11:     layout_big_octagon, serial_shops, nicolae_shop_crystal,
          nicolae_specific_store, solitary_fountain
Temple:   hellmonk_temple_forest_ring

Skill      XL: |  1  2  3  4  5  6  7  8  9 10 11 |
---------------+----------------------------------+-----
Fighting       | 3 4 5 |  5.0
Throwing       | 2 4 5 6 8 11 12 | 12.0
Dodging        | 3 4 |  4.0
Short Blades   | 5 |  5.0
Armour         | 2 4 |  4.0
Evocations     | 4 |  4.0
Invocations    | 8 9 |  9.0
Axes           | 3 |  3.4

Action                     |  1- 3 |  4- 6 |  7- 9 | 10-12 || total
---------------------------+-------+-------+-------+-------++-------
  Melee: Rapier            |    85 |       |       |       ||    85
         Punch             |     1 |     6 |     7 |     7 ||    21
         Short sword       |    25 |       |       |       ||    25
         Dagger            |    13 |   260 |   431 |   351 ||  1055
         Tailslap          |       |       |       |    69 ||    69
         Battleaxe         |       |       |       |    31 ||    31
         War axe           |       |       |       |     2 ||     2
  Throw: Javelin           |     2 |       |     5 |    15 ||    22
         Stone             |       |     1 |       |       ||     1
         Throwing net      |       |       |     5 |       ||     5
         Boomerang         |       |       |     6 |    13 ||    19
 Invoke: Heroism           |       |       |       |     1 ||     1
  Evoke: Wand              |       |       |     2 |       ||     2
    Use: Scroll            |     2 |    10 |     5 |     2 ||    19
         Potion            |       |       |     1 |     2 ||     3
   Stab: Distracted        |     1 |       |       |       ||     1
         Sleeping          |     1 |     1 |     2 |       ||     4
         Held in net/web   |       |       |     6 |       ||     6
 Armour: Leather armour    |    35 |    77 |    54 |       ||   166
         Plate armour      |       |       |   153 |   285 ||   438
  Dodge: Dodged            |    81 |   170 |   192 |   153 ||   596

Table legend: (Time is in decaauts)
 A = Elapsed time spent in this place.
 B = Non-inter-level travel time spent in this place.
 C = Inter-level travel time spent in this place.
 D = Time resting spent in this place.
 E = Time spent auto-exploring this place.
 F = Levels seen in this place.
 G = Mean time per level.
                   A        B        C        D        E       F      G
               +--------+--------+--------+--------+--------+-----+--------+
         Total |  10074 |   9790 |    284 |   1662 |   6012 |  13 |  774.9 |
       Dungeon |   9072 |   8806 |    266 |   1501 |   5479 |  11 |  824.7 |
        Temple |    230 |    212 |     18 |      0 |    203 |   1 |  230.0 |
        Bailey |    771 |    771 |      0 |    161 |    329 |   1 |  771.0 |
               +--------+--------+--------+--------+--------+-----+--------+

Top non-repeatable levels by time:
    D:10: 1191 daAuts
     D:6: 1001 daAuts
     D:2: 992 daAuts
     D:8: 943 daAuts
     D:4: 918 daAuts
     D:9: 849 daAuts
     D:1: 804 daAuts
     D:7: 791 daAuts
  Bailey: 771 daAuts
     D:3: 640 daAuts
     D:5: 518 daAuts
    D:11: 422 daAuts
  Temple: 230 daAuts
